AoeStats
← busy pushing deer

African Clearing

510420046Analyzed
4v4 RM · 2d ago on Sep 30, 2026· 38m 31s· 8 players
Game mode
Random Map
Map size
Large (8 player)
Population
200
Speed
Normal
Resources
Standard
Victory
Conquest
Starting age
Dark Age
Ending age
Imperial Age
RankedLock teamsTeams togetherTeam positionsShared explorationLock speedFull tech treeHidden civsTurbo modeCheats
Victory
Defeat
🇩🇴 Persians · Dominican Republic
1501
+13
🇲🇽 Franks · Mexico
1448
+15
🇺🇸 Varangians · United States
1403
+17
🇩🇴 Mongols · Dominican Republic
1316
+20
🇦🇷 Muisca · Argentina
1531
-20
🇨🇴 Koreans · Colombia
1515
-20
🇲🇽 Magyars · Mexico
1506
-19
🇲🇽 Huns · Mexico
1145
-6
busy pushing deer
14:29 Feudal Age
15:54 Double-Bit Axe
18:27 Castle Age
16:56 Stone Mining
17:23 Fishing Lines
17:57 Forging
17:53 Scale Barding Armor
19:35 Bow Saw
19:40 Horse Collar
20:33 Forging
20:47 Gillnets
26:24 Scale Barding Armor
28:21 Husbandry
29:01 Loom
29:51 Wheelbarrow
29:02 Town Watch
30:21 Heavy Plow
30:47 Bloodlines
31:35 Hand Cart
33:24 Iron Casting
33:39 Chain Barding Armor
33:10 Fletching
38:02 Imperial Age
36:22 Town Patrol
37:48 Bodkin Arrow
38:17 Ballistics
37:38 Treadmill Crane
38:05 Capped Ram
El Culeco
13:06 Feudal Age
11:22 Loom
14:04 Double-Bit Axe
14:55 Wheelbarrow
15:04 Scale Barding Armor
15:39 Forging
25:55 Castle Age
24:18 Gold Mining
25:17 Fletching
27:27 Iron Casting
27:12 Chain Barding Armor
26:54 Husbandry
28:02 Hand Cart
28:38 Light Cavalry
RD | Telematico
4:15 Loom
6:32 Loom
12:54 Feudal Age
17:01 Castle Age
26:00 Double-Bit Axe
34:09 Imperial Age
32:00 Bow Saw
31:43 Gold Mining
34:08 Wheelbarrow
35:36 Fletching
36:51 Scale Barding Armor
36:56 Forging
37:23 Conscription
38:33 Two-Man Saw
37:15 Horse Collar
38:21 Heavy Plow
39:06 Chain Barding Armor
RD | ShApE ShiFTeR
5:09 Loom
VL Bob
11:35 Feudal Age
11:52 Loom
12:16 Double-Bit Axe
21:02 Castle Age
20:18 Horse Collar
22:52 Bow Saw
27:51 Wheelbarrow
27:55 Fletching
32:32 Hand Cart
VL Formolin
3:48 Loom
12:59 Feudal Age
14:10 Double-Bit Axe
23:30 Horse Collar
24:33 Wheelbarrow
26:05 Town Watch
29:06 Castle Age
27:08 Gold Mining
29:03 Scale Mail Armor
29:14 Forging
29:55 Squires
30:15 Chain Mail Armor
30:12 Bow Saw
31:48 Hand Cart
32:14 Gold Shaft Mining
31:41 Heavy Plow
33:03 Iron Casting
VL Mano
4:07 Loom
15:42 Feudal Age
25:18 Double-Bit Axe
31:36 Castle Age
33:15 Bow Saw
34:28 Scale Mail Armor
35:06 Squires
38:26 Chain Mail Armor
VL HippieBien
9:48 Loom
12:09 Feudal Age
18:56 Castle Age
17:26 Double-Bit Axe
22:18 Scale Barding Armor
22:25 Bow Saw
23:54 Forging
26:15 Bloodlines
28:29 Town Watch
33:10 Husbandry
33:56 Fletching
35:45 Elite Skirmisher
Connection lost

Rejoining the realm…

Still unreachable

The connection could not be restored.

Session expired

The server has moved on; the page needs a fresh start.